 Dungeon Crawl Stone Soup version 0.29-a0-1009-g60c99734e7 (webtiles) character file.

Game seed: 11839321297812937207

623 testman the Nimble (level 7, 0/51 HPs)
             Began as a Gnoll Wanderer on Aug 8, 2022.
             Slain by an orc
             ... wielding a +0 falchion
              (6 damage)
             ... on level 5 of the Dungeon.
             The game lasted 00:16:46 (5194 turns).

testman the Nimble (Gnoll Wanderer)                 Turns: 5194, Time: 00:16:47

Health: 0/51       AC:  6    Str: 10    XL:     7   Next: 47%
Magic:  12/12      EV: 15    Int: 13    God:
Gold:   185        SH:  0    Dex: 13    Spells: 12/13 levels left

rFire   . . .      SeeInvis .   u - +2 mace (protect)
rCold   . . .      Faith    .   (no shield)
rNeg    . . .      Spirit   .   e - +0 leather armour
rPois   .          Reflect  .   w - +0 helmet
rElec   .          Harm     .   f - +0 cloak
rCorr   +          Rampage  .   (no gloves)
Will    .....                   p - +0 pair of boots
Stlth   +++.......              v - amulet of magic regeneration
HPRegen 0.17/turn               k - ring of resist corrosion
MPRegen 0.53/turn               (no ring)

@: no status effects
A: fangs 1, strong nose, distributed training
a: no special abilities


You were on level 5 of the Dungeon.
You visited 1 branch of the dungeon, and saw 5 of its levels.

You collected 185 gold pieces.

Inventory:

Hand Weapons
 a - a +0 dagger
 u - a +2 mace of protection (weapon)
 D - a +0 shortbow
Missiles
 b - 3 throwing nets
 o - 6 javelins
Armour
 e - a +0 leather armour (worn)
 f - a +0 cloak (worn)
 p - a +0 pair of boots (worn)
 w - a +0 helmet (worn)
Magical Staves
 z - a staff of conjuration
Jewellery
 k - a ring of resist corrosion (left hand)
 s - an amulet of the acrobat
 v - an amulet of magic regeneration (around neck)
Scrolls
 i - 6 scrolls of teleportation {unknown}
 m - 3 scrolls of identify {unknown}
 q - a scroll of fear {unknown}
 r - 2 scrolls of magic mapping {unknown}
 t - 2 scrolls of brand weapon {unknown}
 x - a scroll of torment {unknown}
 y - a scroll of blinking {unknown}
 A - a scroll of enchant armour {unknown}
 B - 2 scrolls of butterflies {unknown}
 C - a scroll of amnesia {unknown}
Potions
 g - a potion of berserk rage {unknown}
 h - 2 potions of magic {unknown}
 j - 3 potions of flight {unknown}
 l - a potion of attraction {unknown}
 n - a potion of resistance {unknown}


   Skills:
 + Level 2.6 Fighting
 + Level 2.6 Short Blades
 + Level 2.6 Long Blades
 + Level 2.6 Axes
 + Level 2.6 Maces & Flails
 + Level 2.6 Polearms
 + Level 2.6 Staves
 + Level 2.6 Ranged Weapons
 + Level 2.6 Throwing
 + Level 2.6 Armour
 + Level 9.0 Dodging
 + Level 5.0 Stealth
 + Level 2.6 Shields
 + Level 2.6 Unarmed Combat
 + Level 3.9 Spellcasting
 + Level 2.1 Conjurations
 + Level 2.1 Hexes
 + Level 2.1 Summonings
 + Level 2.1 Necromancy
 + Level 2.1 Translocations
 + Level 2.1 Transmutations
 + Level 4.4 Fire Magic
 + Level 2.1 Ice Magic
 + Level 2.1 Air Magic
 + Level 2.1 Earth Magic
 + Level 2.1 Poison Magic
 + Level 2.9 Invocations
 + Level 3.7 Evocations


You had 12 spell levels left.
You knew the following spells:

 Your Spells              Type           Power      Damage    Failure   Level
a - Foxfire               Conj/Fire      44%        2x1d6     7%          1

Your spell library contained the following spells:

 Spells                   Type           Power      Damage    Failure   Level
 Sandblast                Erth           16%        2d6       12%         1
 Passwall                 Tmut/Erth      6%         N/A       17%         2
 Ignite Poison            Fire/Tmut/Pois 10%        N/A       26%         3
 Ozocubu's Armour         Ice            8%         N/A       34%         3
 Stone Arrow              Conj/Erth      16%        3d8       34%         3
 Metabolic Englaciation   Hex/Ice        4%         N/A       97%         5
 Summon Forest            Summ/Tloc      4%         N/A       97%         5
 Eringya's Noxious Bog    Tmut/Pois      4%         N/A       100%        6
 Simulacrum               Ice/Necr       4%         N/A       100%        6
 Summon Hydra             Summ           4%         N/A       100%        7


Dungeon Overview and Level Annotations

Branches:
Dungeon (5/15)
 Temple: D:4-7

Altars:


Innate Abilities, Weirdness & Mutations

You have very sharp teeth.
Your uncanny sense of smell can sniff out nearby items.
Your experience applies equally to all skills.


Message History

The adder is heavily wounded.
The adder bites you but does no damage.
You hit the adder.
The adder is almost dead.
The adder bites you but does no damage. The adder barely misses you.
You miss the adder. You bite the adder.
You kill the adder!
Your Dodging skill increases to level 9!
You closely miss the orc. Your bite misses the orc. The orc closely misses you.
The orc hits you but does no damage.
You hit the orc but do no damage. You bite the orc, but do no damage.
The orc misses you.
You closely miss the orc. You bite the orc, but do no damage.
The orc barely misses you.
You closely miss the orc. You bite the orc, but do no damage.
The orc hits you but does no damage.
You barely miss the orc. Your bite misses the orc. The orc closely misses you.
The orc barely misses you.
You hit the orc.
Your weapon exudes an aura of protection.
The orc is heavily wounded.
The orc closely misses you.
You barely miss the orc.
The orc is heavily wounded.
The orc completely misses you.
You hit the orc.
The orc is severely wounded.
The orc hits you but does no damage.
You barely miss the orc. You bite the orc.
You kill the orc!
The orc hits you but does no damage.
You barely miss the orc. The orc barely misses you.
You closely miss the orc. The orc closely misses you.
You closely miss the orc. The orc hits you with a +0 falchion.
* * * LOW HITPOINT WARNING * * *
The orc hits you but does no damage.
You barely miss the orc. The orc barely misses you.
You barely miss the orc. You punch the orc, but do no damage.
The orc hits you with a +0 falchion.
You die...

#.......#
.........
#.......# #......
#.....## #..#...
... #..#.# ...
####....# #.#
#.@o..##.##. #.#
#.##........ #.#
#.##........ #.#
#.###.#...## #.#
#.# #.##.## #<#
#.# #.# ## #.##
#.# #.# #..# #.#
#.# ##.#
#.###.###########


You could see an orc.

Vanquished Creatures
  A water moccasin (D:5)
  An ice beast (D:5)
  A centaur (D:5)
  3 hounds
  2 iguanas
  4 gnolls (D:2)
  6 adders
  An ufetubus (D:4)
  A worm (D:4)
  A dart slug (D:3)
  11 orcs
  6 endoplasms
  4 giant cockroaches
  7 goblins
  6 hobgoblins
  4 jackals (D:1)
  5 quokkas
  9 ball pythons
  4 bats
  5 frilled lizards
  10 kobolds
  8 rats
100 creatures vanquished.

Vanquished Creatures (others)
  126 foxfires
126 creatures vanquished.

Grand Total: 226 creatures vanquished

Notes
Turn   | Place    | Note
-------+----------+-------------------------------------------
     0 | D:1      | testman the Gnoll Wanderer began the quest for the Orb.
     0 | D:1      | testman set off with the following items: a +0 dagger, 2
                  | throwing nets, a potion of curing, a potion of heal wounds,
                  | a +0 leather armour; and the following spell memorised:
                  | Foxfire; and the following spells available to memorise:
                  | Ignite Poison.
     0 | D:1      | Reached XP level 1. HP: 13/13 MP: 4/4
   245 | D:1      | Reached XP level 2. HP: 18/19 MP: 0/5
   833 | D:1      | Reached XP level 3. HP: 25/25 MP: 5/7
  1303 | D:1      | Reached skill level 1 in Invocations
  1862 | D:2      | Reached skill level 1 in Fighting
  1862 | D:2      | Reached skill level 1 in Short Blades
  1862 | D:2      | Reached skill level 1 in Long Blades
  1862 | D:2      | Reached skill level 1 in Axes
  1862 | D:2      | Reached skill level 1 in Maces & Flails
  1862 | D:2      | Reached skill level 1 in Polearms
  1862 | D:2      | Reached skill level 1 in Staves
  1862 | D:2      | Reached skill level 1 in Ranged Weapons
  1862 | D:2      | Reached skill level 1 in Throwing
  1862 | D:2      | Reached skill level 1 in Armour
  1862 | D:2      | Reached skill level 1 in Shields
  1862 | D:2      | Reached skill level 1 in Unarmed Combat
  1976 | D:2      | Reached XP level 4. HP: 15/32 MP: 1/8
  2241 | D:2      | Reached skill level 1 in Conjurations
  2241 | D:2      | Reached skill level 1 in Hexes
  2241 | D:2      | Reached skill level 1 in Summonings
  2241 | D:2      | Reached skill level 1 in Necromancy
  2241 | D:2      | Reached skill level 1 in Translocations
  2241 | D:2      | Reached skill level 1 in Transmutations
  2241 | D:2      | Reached skill level 1 in Ice Magic
  2241 | D:2      | Reached skill level 1 in Air Magic
  2241 | D:2      | Reached skill level 1 in Earth Magic
  2241 | D:2      | Reached skill level 1 in Poison Magic
  3479 | D:3      | Reached XP level 5. HP: 35/37 MP: 9/9
  3878 | D:3      | Found a faded altar of an unknown god.
  4417 | D:4      | Reached XP level 6. HP: 44/44 MP: 11/11
  4840 | D:5      | Entered Level 5 of the Dungeon
  4982 | D:5      | Noticed an ice beast
  5005 | D:5      | Killed an ice beast
  5006 | D:5      | Reached XP level 7. HP: 34/51 MP: 12/12
  5165 | D:5      | Reached skill level 5 in Stealth
  5181 | D:5      | Reached skill level 9 in Dodging
  5194 | D:5      | Slain by an orc

Illustrated notes

Levels and vault maps discovered:
D:1:      dreamdust_arrival_beginning_and_end, layout_loops_ring,
          minmay_liquid_box, hangedman_decor_lopped, minmay_tromino_mix6
D:2:      layout_loops_ring
D:3:      layout_basic, shapermc_ecumenical_altar_mp_vishouse, wad_orctagon
D:4:      layout_basic
D:5:      layout_loops_ring, uniq_ijyb

Skill      XL: |  1  2  3  4  5  6  7 |
---------------+----------------------+-----
Invocations    | 1 2 |  2.9
Fighting       | 1 2 |  2.6
Short Blades   | 1 2 |  2.6
Long Blades    | 1 2 |  2.6
Axes           | 1 2 |  2.6
Maces & Flails | 1 2 |  2.6
Polearms       | 1 2 |  2.6
Staves         | 1 2 |  2.6
Ranged Weapons | 1 2 |  2.6
Throwing       | 1 2 |  2.6
Armour         | 1 2 |  2.6
Shields        | 1 2 |  2.6
Unarmed Combat | 1 2 |  2.6
Spellcasting   | 3 |  3.9
Conjurations   | 1 2 |  2.1
Hexes          | 1 2 |  2.1
Summonings     | 1 2 |  2.1
Necromancy     | 1 2 |  2.1
Translocations | 1 2 |  2.1
Transmutations | 1 2 |  2.1
Ice Magic      | 1 2 |  2.1
Air Magic      | 1 2 |  2.1
Earth Magic    | 1 2 |  2.1
Poison Magic   | 1 2 |  2.1
Evocations     | 3 |  3.7
Fire Magic     | 4 |  4.4
Stealth        | 5 |  5.0
Dodging        | 9 |  9.0

Action                   |  1- 3 |  4- 6 |  7- 9 || total
-------------------------+-------+-------+-------++-------
Melee: Dagger            |   151 |    55 |       ||   206
       Bite              |    11 |    16 |    10 ||    37
       Punch             |     2 |     3 |     3 ||     8
       Mace              |       |   112 |    57 ||   169
 Cast: Foxfire           |    34 |    38 |     1 ||    73
  Use: Potion            |       |       |     3 ||     3
 Stab: Sleeping          |     3 |     9 |       ||    12
Armor: Leather armour    |    39 |    55 |    28 ||   122
Dodge: Dodged            |   132 |   167 |    52 ||   351

Table legend: (Time is in decaauts)
 A = Elapsed time spent in this place.
 B = Non-inter-level travel time spent in this place.
 C = Inter-level travel time spent in this place.
 D = Time resting spent in this place.
 E = Time spent auto-exploring this place.
 F = Levels seen in this place.
 G = Mean time per level.
                   A        B        C        D        E       F      G
               +--------+--------+--------+--------+--------+-----+--------+
         Total |   5238 |   5095 |    143 |    214 |   3866 |   5 | 1047.6 |
       Dungeon |   5238 |   5095 |    143 |    214 |   3866 |   5 | 1047.6 |
               +--------+--------+--------+--------+--------+-----+--------+

Top non-repeatable levels by time:
     D:1: 1869 daAuts
     D:2: 1331 daAuts
     D:4: 855 daAuts
     D:3: 805 daAuts
     D:5: 376 daAuts
